 Dungeon Crawl Stone Soup version 0.31-a0-851-g7ff8af7976 (webtiles) character file.

Game seed: 15926723902189433482

98 pokeman the Magician (level 4, 0/25 HPs)
             Began as a Deep Elf Hedge Wizard on Oct 5, 2023.
             Slain by Grinder (8 damage)
             ... on level 3 of the Dungeon.
             The game lasted 00:03:43 (2711 turns).

pokeman the Magician (Deep Elf Hedge Wizard)        Turns: 2711, Time: 00:03:44

Health: 0/25       AC:  4    Str:  7    XL:     4   Next: 43%
Magic:  5/13       EV: 12    Int: 21    God:
Gold:   50         SH:  0    Dex: 14    Spells: 6/14 levels left

rFire   . . .        a - +0 dagger
rCold   . . .        (no shield)
rNeg    . . .        b - +0 robe
rPois   .            f - +0 helmet
rElec   .            l - +0 cloak
rCorr   .            (no gloves)
SInv    .            (no boots)
Will    .....        (no amulet)
Stlth   ++           (no ring)
HPRegen 0.24/turn    (no ring)
MPRegen 0.13/turn

%: no passive effects
@: no status effects
A: no striking features
a: no special abilities


You were on level 3 of the Dungeon.
You visited 1 branch of the dungeon, and saw 3 of its levels.

You collected 50 gold pieces.

Inventory:

Hand Weapons
 a - a +0 dagger (weapon)
Missiles
 o - a throwing net
Armour
 b - a +0 robe (worn)
 f - a +0 helmet (worn)
 l - a +0 cloak (worn)
Scrolls
 g - a scroll of enchant weapon {unknown}
 h - a scroll of blinking {unknown}
 j - a scroll of enchant armour {unknown}
 n - a scroll of identify {unknown}
 p - a scroll of amnesia {unknown}
 r - a scroll of teleportation {unknown}
Potions
 c - a potion of haste {unknown}
 d - a potion of magic
 e - a potion of heal wounds {unknown}
 i - a potion of curing {unknown}
 k - a potion of cancellation {unknown}
 m - a potion of lignification {unknown}
 q - a potion of brilliance {unknown}


   Skills:
 - Level 1.0 Fighting
 - Level 1.0 Armour
 + Level 2.7 Dodging
 + Level 2.8 Stealth
 * Level 5.7 Spellcasting
 + Level 2.2 Conjurations
 - Level 1.1 Summonings
 - Level 1.1 Translocations


You had 6 spell levels left.
You knew the following spells:

 Your Spells              Type           Power      Damage    Failure   Level
a - Magic Dart            Conj           60%        1d6       4%          1
b - Mephitic Cloud        Conj/Pois/Air  9%         N/A       22%         3
c - Call Imp              Summ           20%        N/A       10%         2
d - Blink                 Tloc           20%        N/A       10%         2

Your spell library contained the following spells:

 Spells                   Type           Power      Damage    Failure   Level
 Slow                     Hex            20%        N/A       10%         1
 Cigotuvi's Dreadful Rot  Necr/Pois/Air  10%        N/A       16%         2


Dungeon Overview and Level Annotations

Branches:
Dungeon (3/15)

Altars:
Hepliaklqana

Annotations:
D:3 Grinder, Sigmund


Message History

The magic dart hits Grinder but does no damage.
Grinder is moderately wounded.
Grinder blinks!
Casting: Magic Dart (safe; 4% risk of failure)
Confirm with . or Enter, or press ? or * to list all spells.
Aiming: Magic Dart (safe; 4% risk of failure)
Press: ? - help, Shift-Dir - straight line, f/p - Grinder
Aim: Grinder (moderately wounded, 100% to hit)
The magic dart hits Grinder.
Grinder is heavily wounded.
Grinder misses you.
Casting: Magic Dart (safe; 4% risk of failure)
Confirm with . or Enter, or press ? or * to list all spells.
Aiming: Magic Dart (safe; 4% risk of failure)
Press: ? - help, Shift-Dir - straight line, f/p - Grinder
Aim: Grinder (heavily wounded, 100% to hit)
The magic dart hits Grinder but does no damage.
Grinder is heavily wounded.
Grinder gestures at you. Pain shoots through your body!
Casting: Magic Dart (safe; 4% risk of failure)
Confirm with . or Enter, or press ? or * to list all spells.
Aiming: Magic Dart (safe; 4% risk of failure)
Press: ? - help, Shift-Dir - straight line, f/p - Grinder
Aim: Grinder (heavily wounded, 100% to hit)
The magic dart hits Grinder but does no damage.
Grinder is heavily wounded.
Grinder hits you.
* * * LOW HITPOINT WARNING * * *
Your magical contamination has completely faded away.
Casting: Magic Dart (safe; 4% risk of failure)
Confirm with . or Enter, or press ? or * to list all spells.
Aiming: Magic Dart (safe; 4% risk of failure)
Press: ? - help, Shift-Dir - straight line, f/p - Grinder
Aim: Grinder (heavily wounded, 100% to hit)
The magic dart hits Grinder.
Grinder is heavily wounded.
Grinder hits you!
You die...
Grinder says, "Now the real fun starts!"

#5# #.#.#.##### #5#
#.#.#.....# #.#
#####.#.#####.# #.#
#.....#.# #.#
#.####.#.#.#.# #.#
#......#.§..†# #.#
##.........### #.#
##.###.#...#######.#
#.# #..........@5.#
#.# ###.###########
#.. .... ### ##.#.#
..#.# ..[ # ###


You could see Grinder.

Vanquished Creatures
  A jelly (D:3)
  2 adders (D:2)
  3 dart slugs
  3 endoplasms
  2 giant cockroaches (D:2)
  4 goblins
  8 jackals
  A kobold (D:1)
  A quokka (D:2)
  6 ball pythons
  3 bats (D:2)
  8 rats
42 creatures vanquished.

Vanquished Creatures (collateral kills)
  A bat (D:3)
1 creature vanquished.

Grand Total: 43 creatures vanquished

Notes
Turn   | Place    | Note
-------+----------+-------------------------------------------
     0 | D:1      | pokeman the Deep Elf Hedge Wizard began the quest for the
                  | Orb.
     0 | D:1      | Reached XP level 1. HP: 10/10 MP: 7/7
   337 | D:1      | Reached XP level 2. HP: 4/16 MP: 2/9
  1180 | D:2      | Reached skill level 5 in Spellcasting
  1387 | D:2      | Reached XP level 3. HP: 19/20 MP: 1/11
  1403 | D:2      | Learned a level 3 spell: Mephitic Cloud
  1406 | D:2      | Learned a level 2 spell: Call Imp
  1409 | D:2      | Learned a level 2 spell: Blink
  1524 | D:2      | Reached skill level 1 in Fighting
  1524 | D:2      | Reached skill level 1 in Armour
  1670 | D:2      | Found a hazy altar of Hepliaklqana.
  1955 | D:2      | Found a faded altar of an unknown god.
  2370 | D:3      | Reached XP level 4. HP: 19/25 MP: 3/13
  2466 | D:3      | Noticed Grinder
  2524 | D:3      | Noticed Sigmund
  2711 | D:3      | Slain by Grinder

Illustrated notes

Levels and vault maps discovered:
D:1:      amcnicky_arrival_underground_garden, layout_basic,
          minmay_misc_feat_columns
D:2:      layout_rooms, shapermc_ecumenical_altar_flowoftime, basic_altar,
          corexii_hall_statues_deadend
D:3:      layout_basic, overflow_temple_1_default, uniq_grinder,
          uniq_crazy_yiuf_cottage, uniq_sigmund, uniq_jessica

Skill      XL: |  1  2  3 |
---------------+----------+-----
Spellcasting   | 5 |  5.7
Fighting       | 1 |  1.0
Armour         | 1 |  1.0
Conjurations   | 2 |  2.2
Dodging        | |  2.7
Stealth        | |  2.8
Summonings     | |  1.1
Translocations | |  1.1

Action                     |  1- 3 |  4- 6 || total
---------------------------+-------+-------++-------
  Melee: Dagger            |    65 |     1 ||    66
  Throw: Throwing net      |       |     1 ||     1
   Cast: Magic Dart        |   112 |    18 ||   130
         Call Imp          |       |     3 ||     3
 Armour: Robe              |    34 |     5 ||    39
  Dodge: Dodged            |    69 |     7 ||    76

Table legend: (Time is in decaauts)
 A = Elapsed time spent in this place.
 B = Non-inter-level travel time spent in this place.
 C = Inter-level travel time spent in this place.
 D = Time resting spent in this place.
 E = Time spent auto-exploring this place.
 F = Levels seen in this place.
 G = Mean time per level.
                   A        B        C        D        E       F      G
               +--------+--------+--------+--------+--------+-----+--------+
         Total |   2710 |   2614 |     96 |      3 |   2169 |   3 |  903.3 |
       Dungeon |   2710 |   2614 |     96 |      3 |   2169 |   3 |  903.3 |
               +--------+--------+--------+--------+--------+-----+--------+

Top non-repeatable levels by time:
     D:1: 1173 daAuts
     D:2: 1108 daAuts
     D:3: 429 daAuts
